Map: Shrines of Lizul

Players

kpa

  • Race: Protoss Protoss
  • League: Diamond
  • Spawn Location: 6:00

vinke

  • Race: Protoss Protoss
  • Spawn Location: 9:00

MonstroTown

  • Race: Terran Terran
  • Spawn Location: 3:00

Michael

  • Race: Zerg Zerg
  • League: Gold
  • Spawn Location: 12:00

VOD

Have the link to the VOD?

Description

Time

  • Played on: Sept. 28, 2018, 11:08 p.m.
  • Length: 23:22
Show
View Real Time Build Order
Export as new Build Order

kpa Protoss 

Build Orders:  

Get SALT Encoding   

  12  0:03  Probe  
  13  0:15  Probe  
  13  0:20  Pylon  
  14  0:27  Probe  
  15  0:38  Probe  
  16  0:46  Probe  
  16  0:49  Gateway  
  17  0:58  Probe  
  17  1:00  Assimilator  
  18  1:10  Probe  
  19  1:18  Assimilator  
  19  1:20  Probe  
  19  1:21  Pylon  
  20  1:28  Probe  
  21  1:37  Probe  
  22  1:51  Probe, Cybernetics Core  
  23  2:03  Gateway  
  23  2:15  Nexus  
  22  2:22  Probe  
  22  2:32  Warp Gate  
  22  2:35  Adept  
  24  2:39  Shield Battery  
  24  2:44  Probe  
  25  2:55  Pylon  
  25  3:03  Stargate  
  25  3:05  Probe  
  27  3:20  Adept x2  
  29  3:42  Nexus  
  29  3:43  Pylon  
  29  4:02  Shield Battery  
  29  4:06  Oracle  
  29  4:14  Probe  
  33  4:26  Probe  
  28  4:40  Robotics Facility  
  28  4:42  Stalker x2  
  30  4:59  Probe  
  31  5:11  Probe  
  29  5:20  Immortal  
  28  5:24  Stalker x2  
  32  5:34  Probe  
  36  5:46  Probe  
  37  6:03  Probe  
  35  6:05  Immortal  
  39  6:27  Nexus  
  39  6:33  Pylon  
  39  6:35  Shield Battery  
  39  6:51  Probe, Pylon  
  39  6:53  Stalker  
  39  6:54  Stalker  
  44  7:02  Observer  
  44  7:03  Probe  
  46  7:12  Twilight Council  
  46  7:15  Probe  
  47  7:23  Observer  
  48  7:56  Stalker x2  
  48  7:57  Warp Prism  
  54  8:03  Probe  
  55  8:06  Gateway  
  55  8:08  Gateway  
  55  8:25  Blink  
  49  8:36  Stalker x2  
  49  8:39  Immortal  
  55  9:03  Sentry x2  
  59  9:15  Sentry x2  
  63  9:35  Probe  
  63  9:36  Probe  
  65  9:48  Probe  
  66  10:01  Stalker  
  66  10:02  Stalker  
  70  10:09  Pylon  
  70  10:10  Forge  
  70  10:11  Pylon  
  70  10:26  Protoss Ground Weapons Level 1  
  70  10:27  Immortal, Probe x2  
  76  10:39  Probe x2  
  78  10:47  Assimilator  
  78  10:48  Assimilator, Stalker  
  78  10:49  Stalker  
  82  10:51  Probe x2  
  84  11:03  Probe  
  85  11:52  Nexus  
  85  11:54  Pylon  
  85  11:55  Pylon  
  85  11:57  Probe  
  86  12:08  Forge, Pylon  
  86  12:10  Pylon  
  86  12:12  Probe x2  
  86  12:14  Gateway  
  88  12:16  Gateway x2  
  88  12:17  Gateway  
  87  12:22  Templar Archives  
  87  12:23  Protoss Ground Armor Level 1  
  87  12:29  Sentry x3  
  93  12:30  Sentry  
  93  12:34  Observer  
  93  12:35  Probe  
  96  12:54  Zealot x3  
  95  13:10  Protoss Shields Level 1  
  95  13:11  Stalker x4  
  103  13:25  Probe  
  103  13:26  Probe  
  105  13:29  Phoenix  
  105  13:39  High Templar x3  
  111  13:46  Archon  
  99  14:05  Charge  
  99  14:06  Zealot x3  
  99  14:07  Zealot x2  
  107  14:28  Stalker x7  
  121  14:31  Archon  
  119  14:42  Protoss Ground Weapons Level 2  
  112  14:46  Psionic Storm  
  112  14:48  High Templar  
  109  14:54  Probe x3  
  84  15:27  Stalker x6  
  84  15:28  Stalker  
  86  15:39  Probe x3  
  85  15:51  Probe x2  
  85  15:52  High Templar  
  85  15:53  Zealot  
  85  15:54  Zealot x3  
  97  16:03  Probe  
  96  16:11  Probe  
  96  16:13  Zealot x3  
  92  16:21  Probe  
  91  16:31  Archon  
  91  16:32  High Templar x3  
  95  16:34  Zealot x5  
  95  17:05  Zealot x6  
  95  17:06  Zealot x2  
  95  17:08  Probe x3  
  114  17:20  Probe  
  106  17:45  Zealot x2  
  108  17:55  Protoss Shields Level 2  
  96  18:12  Pylon  
  90  18:13  Observer  
  90  18:16  Assimilator x2  
  90  18:19  Pylon  
  75  18:57  Stalker x4  
  75  18:58  Stalker x4  
  83  19:06  Probe x3  
  86  19:18  Nexus  
  86  19:20  Pylon  
  86  19:22  Zealot x3, High Templar x2  
  86  19:23  Zealot x2  
  100  19:54  High Templar  
  100  19:55  Zealot x4, High Templar  
  98  20:48  Zealot x4  
  98  20:49  Zealot x2  
  92  20:58  Gateway  
  76  21:12  Gateway  
  76  21:15  Gateway  
  76  21:23  Stalker x2  
  76  21:24  Stalker x4  
  88  21:45  Gateway x2  
  76  21:49  Gateway x2  
  76  21:50  Gateway, High Templar x2  
  76  21:51  Stalker x4  
  88  21:57  Assimilator x2  
  88  22:15  Zealot x2  
  88  22:16  Zealot x5  
  88  22:19  Pylon  
  102  22:23  Pylon  
  90  22:54  Zealot x8  
  90  22:55  Zealot  
Show
View Real Time Build Order
Export as new Build Order

vinke Protoss 

Build Orders:  

Get SALT Encoding   

  12  0:58  Pylon  
  12  0:59  Probe  
  13  1:11  Probe  
  14  1:19  Gateway  
  14  1:23  Probe  
  15  1:32  Pylon  
  15  1:34  Assimilator  
  15  1:35  Probe  
  16  1:41  Forge  
  16  1:47  Probe  
  17  2:00  Probe  
  18  2:12  Probe  
  18  2:15  Cybernetics Core  
  19  2:24  Probe  
  20  2:36  Probe  
  21  2:48  Assimilator  
  21  2:56  Adept  
  21  2:58  Warp Gate  
  23  2:59  Gateway  
  23  3:12  Nexus  
  23  3:25  Shield Battery  
  23  3:33  Adept  
  27  4:15  Stalker, Pylon  
  27  4:17  Stalker, Pylon  
  27  4:36  Photon Cannon  
  27  4:37  Photon Cannon  
  27  5:00  Gateway  
  27  5:07  Gateway  
  27  5:26  Probe  
  28  5:31  Protoss Ground Weapons Level 1  
  28  5:37  Adept x2, Nexus  
  28  5:38  Probe  
  28  5:39  Pylon  
  30  5:58  Probe  
  30  6:03  Stalker x2  
  35  6:07  Sentry  
  35  6:08  Sentry  
  35  6:10  Probe  
  40  6:16  Photon Cannon  
  40  6:22  Probe  
  41  6:25  Pylon  
  41  6:33  Pylon  
  41  6:40  Stalker  
  41  6:46  Stalker  
  45  7:02  Robotics Facility  
  45  7:17  Probe x2  
  47  7:29  Probe x2  
  49  7:41  Probe  
  50  7:48  Stalker  
  50  7:49  Stalker x2  
  38  8:31  Stalker x3  
  38  8:32  Stalker  
  46  8:35  Immortal  
  46  8:38  Protoss Shields Level 1  
  46  8:41  Probe x2  
  52  8:50  Gateway  
  52  8:53  Probe  
  53  9:05  Sentry  
  53  9:07  Adept x2  
  53  9:08  Adept  
  61  9:14  Observer  
  62  9:25  Assimilator  
  62  9:30  Stalker  
  62  9:31  Stalker x2  
  66  9:32  Stalker  
  70  9:43  Immortal  
  74  9:55  Twilight Council  
  74  9:57  Probe x2  
  76  10:02  Assimilator  
  76  10:09  Probe  
  77  10:15  Shield Battery  
  77  10:16  Pylon  
  77  10:41  Zealot, Stalker  
  81  10:43  Nexus, Sentry  
  83  11:11  Blink  
  83  11:30  Gateway  
  83  11:31  Pylon  
  83  11:32  Gateway  
  83  11:33  Pylon  
  83  11:40  Pylon  
  83  11:44  Protoss Ground Weapons Level 2  
  83  11:49  Immortal  
  83  11:50  Probe x2  
  89  12:02  Probe  
  90  12:30  Zealot x3  
  90  12:31  Sentry  
  90  12:32  Stalker  
  90  12:33  Stalker  
  90  12:34  Stalker  
  104  12:58  Templar Archives  
  104  13:03  Pylon  
  104  13:05  Pylon  
  60  14:16  Zealot x5  
  60  14:17  Zealot  
  67  14:26  Probe  
  67  14:27  Probe  
  69  14:44  Gateway  
  69  14:45  Pylon  
  69  14:49  Pylon  
  69  14:54  High Templar x2  
  69  14:55  High Templar x2  
  77  15:01  Archon x2  
  77  15:05  Zealot x2  
  61  15:37  Zealot x3  
  61  15:38  Zealot x3  
  71  15:46  Cybernetics Core  
  71  16:02  Zealot  
  71  16:03  Zealot x5  
  83  16:16  Gateway  
  83  16:18  Assimilator  
  83  16:20  Assimilator  
  59  16:31  Zealot x3  
  59  16:32  Zealot x3  
  51  16:58  Stalker x2  
  51  16:59  Stalker x4  
  63  17:16  Twilight Council  
  63  17:19  Cybernetics Core  
  63  17:29  Stalker  
  65  17:30  Zealot x4, Stalker  
  65  17:32  Stalker  
  65  17:34  Gateway  
  65  17:36  Gateway  
  77  17:38  Pylon  
  69  17:48  Charge  
  67  17:54  Robotics Facility  
  67  17:55  Zealot x5  
  67  17:56  Zealot x2  
  81  18:45  Observer  
  81  18:48  Zealot, Stalker x4  
  88  18:49  Zealot  
  88  18:51  High Templar  
  96  19:06  Observer  
  93  19:24  Probe  
  94  19:26  Robotics Bay  
  94  19:36  Probe  
  91  19:48  Probe  
  92  19:59  Stalker  
  94  20:00  Probe, Stalker  
  94  20:01  Stalker x3  
  94  20:02  Stalker x2  
  107  20:12  Probe  
  108  20:24  Probe  
  108  20:25  Gateway  
  108  20:26  Colossus, Gateway  
  109  20:28  Pylon  
  109  20:33  Pylon  
  109  20:35  Pylon  
  109  20:36  Probe  
  116  20:48  Probe  
  117  20:50  Extended Thermal Lance  
  117  21:13  Robotics Facility  
  117  21:18  Observer  
  117  21:19  Zealot, Stalker  
  117  21:20  Stalker x3  
  117  21:21  Stalker  
  117  21:22  Stalker  
  132  21:31  Colossus  
  132  21:32  Nexus  
  138  21:58  Pylon  
  138  22:14  Colossus  
  138  22:20  Observer Gravitic Boosters  
  131  22:37  Stalker  
  131  22:38  Zealot x4  
  131  22:39  Zealot x4  
  147  22:58  Forge  
Show
View Real Time Build Order
Export as new Build Order

MonstroTown Terran 

Build Orders: Cyclone Opening, Reaper Expand 

Get SALT Encoding   

  12  0:01  SCV  
  13  0:13  SCV  
  14  0:18  Supply Depot  
  14  0:26  SCV  
  15  0:39  SCV  
  15  0:41  Barracks  
  16  0:46  Refinery  
  16  0:51  SCV  
  17  1:03  SCV  
  18  1:05  Refinery  
  18  1:16  SCV  
  19  1:28  SCV  
  19  1:32  Reaper  
  21  1:43  Supply Depot, Barracks  
  21  1:49  Orbital Command  
  21  1:55  Factory  
  21  2:13  Barracks Reactor  
  20  2:41  Command Center  
  20  2:44  Cyclone  
  23  2:47  Starport  
  23  2:50  Marine x2  
  25  3:09  SCV  
  25  3:10  Marine x2  
  28  3:26  Medivac  
  30  3:42  Command Center  
  30  3:45  SCV  
  31  3:51  Supply Depot  
  31  3:53  Marine  
  32  4:12  Marine x2  
  34  4:20  Medivac  
  34  4:22  Cyclone  
  39  4:25  SCV  
  39  4:58  Engineering Bay  
  39  5:12  Marine x2  
  45  5:14  Orbital Command  
  40  5:35  Missile Turret  
  40  5:38  Command Center  
  40  5:41  SCV  
  27  6:05  Missile Turret  
  27  6:13  Terran Infantry Weapons Level 1  
  27  6:14  Factory Tech Lab  
  27  6:16  Starport Tech Lab  
  27  6:18  SCV x2  
  29  6:31  SCV x2  
  31  6:37  Barracks  
  31  6:43  SCV, Marine  
  31  6:44  Marine  
  34  6:49  Banshee  
  34  6:53  SCV  
  39  6:59  Orbital Command  
  38  7:15  Missile Turret  
  38  7:17  SCV  
  38  7:19  Bunker  
  38  7:20  Missile Turret  
  34  7:41  Banshee  
  27  7:51  Marine  
  27  7:52  Marine  
  25  7:59  Siege Tank  
  28  8:16  Marine  
  29  8:28  Marine  
  16  8:44  Command Center  
  16  8:46  Marine  
  17  8:50  SCV x2  
  19  9:02  SCV  
  20  9:14  Barracks x2  
  20  9:15  SCV x2  
  21  9:51  Viking  
  23  10:02  SCV x2  
  25  10:11  Barracks  
  25  10:12  Barracks  
  25  10:14  SCV x2  
  25  10:16  Barracks Tech Lab, Barracks  
  25  10:17  Barracks  
  27  10:26  SCV  
  28  10:29  SCV  
  29  10:38  SCV  
  30  10:49  Marine x2  
  33  11:02  Command Center  
  33  11:07  Barracks Reactor x2  
  33  11:08  Barracks Reactor x3  
  26  11:34  Marine x2  
  26  11:35  Raven  
  26  11:37  SCV  
  31  11:44  Marine  
  31  11:45  Marine x4  
  36  11:48  Supply Depot  
  36  11:49  Supply Depot  
  36  11:52  Supply Depot x2  
  36  11:55  Marine  
  36  11:56  Marine  
  36  11:58  Marine x3  
  41  12:03  SCV x2  
  43  12:15  SCV x2  
  44  12:17  Refinery  
  44  12:19  Orbital Command  
  44  12:21  Marine x4  
  49  12:28  Viking  
  51  12:35  Marine x4  
  51  12:36  Marine x2  
  57  12:41  Factory Tech Lab  
  36  13:14  Marine x3  
  36  13:15  Marine x5  
  38  13:27  Marine x4  
  38  13:32  Marine x2  
  38  13:34  Marine x6  
  49  13:45  Marine  
  49  13:47  Marine x3  
  42  13:50  Marine x2  
  42  13:53  Siege Tank  
  40  14:20  Marine  
  40  14:21  Marine x6  
  35  14:43  Marine x5  
  35  14:44  Marine x3  
  43  15:03  Marine x4  
  43  15:04  Marine x4  
  51  15:09  Siege Tank  
  51  15:11  Banshee  
  54  15:34  Command Center, Marine x5  
  54  15:35  Marine x4  
  63  15:48  Marine x2  
  63  15:49  Marine  
  62  15:52  Marine  
  63  16:25  Marine x6  
  37  16:26  Marine x5  
  37  16:27  Marauder  
  37  16:28  Siege Tank  
  37  16:29  Medivac  
  51  16:36  Barracks  
  51  16:39  Barracks x2  
  48  16:42  Marine  
  48  16:43  Marine x2  
  50  16:49  Marauder  
  49  16:54  Marine  
  49  16:55  Marine x4  
  54  17:01  Raven  
  54  17:02  Marine x3  
  54  17:03  Marine  
  60  17:10  Marauder  
  36  17:57  Marine x2  
  36  17:58  Marine x3  
  37  17:59  Siege Tank, Marauder  
  37  18:00  Medivac  
  37  18:02  Marine  
  37  18:03  Marine x5  
  50  18:15  Marine  
  49  18:20  Marauder  
  49  18:21  Marine x3  
  49  18:22  Marine x2  
  56  18:30  Medivac  
  48  18:42  Marauder  
  41  18:55  Marine x4  
  42  18:56  Marine x6  
  42  18:58  Marine  
  42  19:01  SCV x3  
  55  19:02  Marine  
  55  19:08  Barracks  
  45  19:16  Marine  
  45  19:17  Marine x5  
  46  19:18  Marine x5  
  46  19:20  Medivac, Marine  
  59  19:34  Marine x3  
  59  19:35  Marine x4  
  37  20:03  Marine x2  
  37  20:06  Marine x3  
  37  20:07  Marine x3  
  40  20:15  Stimpack  
  28  20:21  Marine x4  
  28  20:22  Marine x3, Banshee  
  24  21:05  Banshee  
  24  21:09  Marine x3  
  24  21:10  Marine x3  
  33  21:38  Marine x3  
  36  21:47  Marine  
  36  21:48  Marine x3  
  40  21:57  Marine  
  41  22:12  Marine  
  41  22:13  Marine  
  43  22:20  Marine  
  44  22:23  Orbital Command  
  44  22:27  Marine  
  44  22:28  Marine x9  
  54  22:30  Marine x2  
  56  22:38  Marine  
  45  22:52  Marine x4  
  45  22:53  Marine  
Show
View Real Time Build Order
Export as new Build Order

Michael Zerg 

Build Orders: Pool First 

Get SALT Encoding   

  12  0:01  Drone  
  13  0:13  Overlord  
  13  0:18  Drone  
  14  0:31  Drone x2  
  14  0:35  Drone  
  17  0:38  Extractor  
  16  0:46  Drone  
  17  0:53  Spawning Pool  
  17  0:56  Drone  
  17  1:08  Drone  
  18  1:29  Hatchery  
  18  1:32  Drone  
  18  1:41  Queen  
  20  1:48  Metabolic Boost  
  20  1:52  Zergling x2  
  21  1:56  Zergling x2  
  22  2:05  Overlord  
  22  2:20  Roach Warren  
  21  2:25  Extractor  
  21  2:26  Queen  
  22  2:31  Drone  
  23  2:45  Drone x2  
  23  2:46  Drone  
  23  2:49  Drone  
  27  2:59  Queen  
  29  3:07  Drone x2  
  29  3:09  Zergling x2  
  32  3:16  Zergling x2  
  32  3:17  Zergling x2  
  34  3:43  Lair  
  33  3:48  Drone x2  
  33  3:49  Drone  
  33  3:50  Evolution Chamber  
  33  4:11  Zergling x4  
  33  4:13  Overlord x2  
  35  4:22  Overlord, Evolution Chamber  
  35  4:23  Extractor x2  
  32  4:41  Zerg Ground Armor Level 1  
  32  4:47  Hydralisk Den  
  32  4:48  Drone x2, Spore Crawler  
  32  4:49  Drone  
  33  4:55  Spore Crawler  
  33  4:56  Drone  
  33  4:57  Drone x5  
  33  4:59  Spore Crawler  
  37  5:26  Queen  
  39  5:41  Glial Reconstitution, Muscular Augments  
  39  5:43  Zerg Missile Weapons Level 1  
  39  5:49  Hydralisk  
  41  5:51  Hydralisk  
  41  5:57  Overlord  
  43  5:59  Hatchery  
  43  6:02  Overlord  
  42  6:18  Roach x3  
  48  6:19  Roach  
  49  6:33  Burrow  
  49  6:34  Queen  
  51  6:42  Hydralisk x2  
  51  6:46  Hydralisk  
  54  7:00  Grooved Spines  
  54  7:03  Zerg Ground Armor Level 2  
  54  7:09  Drone x2  
  54  7:13  Drone  
  54  7:15  Drone  
  58  7:18  Drone  
  59  7:40  Roach x5  
  59  7:41  Roach  
  71  7:52  Roach  
  71  7:53  Roach x2  
  69  8:07  Hydralisk x3  
  69  8:08  Hydralisk  
  73  8:32  Queen x3  
  79  8:40  Infestation Pit  
  79  8:41  Drone x4  
  79  8:46  Overlord  
  82  8:49  Overlord  
  82  9:05  Drone x3  
  85  9:14  Drone  
  85  9:15  Drone x8  
  94  9:18  Extractor  
  94  9:19  Extractor  
  92  9:49  Overlord  
  92  9:50  Overlord x3  
  92  9:56  Drone x3  
  92  9:58  Drone  
  96  10:00  Drone x2  
  96  10:06  Hive  
  98  10:08  Zerg Missile Weapons Level 2  
  98  10:13  Drone x2  
  98  10:14  Drone  
  101  10:17  Drone  
  101  10:19  Drone  
  101  10:20  Drone x5  
  108  10:33  Hatchery  
  122  10:44  Hydralisk  
  122  10:48  Zergling x2  
  125  10:52  Hydralisk  
  130  11:19  Overlord  
  130  11:20  Overlord x3  
  130  11:54  Queen x2  
  130  11:55  Queen  
  130  12:00  Queen  
  138  12:01  Drone  
  138  12:02  Drone  
  140  12:13  Swarm Host  
  167  12:16  Overlord x3  
  167  12:17  Overlord x2  
  167  12:21  Zerg Ground Armor Level 3  
  167  12:25  Zerg Missile Weapons Level 3  
  167  12:26  Overseer  
  167  12:28  Overseer x4  
  167  12:29  Overseer  
  167  12:34  Queen x2  
  171  12:43  Adrenal Glands  
  131  13:59  Hydralisk x20  
  131  14:00  Hydralisk x12  
  185  15:02  Zergling x12  
  185  15:03  Zergling x2  
  185  15:04  Overlord  
  185  15:05  Overlord  
  156  15:29  Hydralisk x4  
  156  15:30  Hydralisk x6  
  156  15:31  Swarm Host  
  156  15:32  Swarm Host  
  152  16:36  Hydralisk x2  
  152  16:37  Hydralisk x10  
  151  17:02  Swarm Host  
  157  18:19  Hydralisk x2  
  157  18:20  Hydralisk x3  
  157  18:22  Overlord x3  
  165  19:37  Hydralisk x4  
  165  19:38  Hydralisk x9  
  181  19:41  Overlord x4  
  176  21:06  Hydralisk x5  
  172  21:45  Hatchery  
  171  21:48  Spore Crawler  
  171  21:49  Spore Crawler, Spine Crawler  
  126  22:49  Hydralisk x3  
  126  22:50  Hydralisk x24  
Tags
 
Add a new tag
Caveats
  • Supply blocks, unpowered buildings, or Contaminate may cause inaccurate times.
  • Supply counts are checked every 10 seconds.